 Dungeon Crawl Stone Soup version 0.27-a0-1502-g47ed6a6988 (webtiles) character file.

Game seed: 7177532008188704655

97 senseless the Skirmisher (level 4, 0/38 HPs)
             Began as a Palentonga Fighter on July 8, 2021.
             Killed from afar by Sigmund (1 damage)
             ... with a magic dart
             ... on level 3 of the Dungeon.
             The game lasted 00:04:07 (1692 turns).

senseless the Skirmisher (Palentonga Fighter)       Turns: 1692, Time: 00:04:08

Health: 0/38       AC: 10    Str: 20    XL:     4   Next: 42%
Magic:  4/4        EV:  5    Int:  9    God:
Gold:   97         SH:  9    Dex:  9    Spells: 3/3 levels left

rFire    . . .     SeeInvis +   a - +0 war axe
rCold    . . .     Faith    .   c - +0 kite shield
rNeg     . . .     Spirit   .   b - +0 scale mail
rPois    .         Reflect  .   (no helmet)
rElec    .         Harm     .   (no cloak)
rCorr    .         Rampage  .   (no gloves)
Will     .....                  (no barding)
Stlth    ..........             (no amulet)
HPRegen  0.12/turn              h - +4 ring of protection
MPRegen  0.09/turn              (no ring)

@: no status effects
A: large, rugged brown scales 3, see invisible, deformed body, roll 1, armoured
tail
a: Rolling Charge


You were on level 3 of the Dungeon.
You visited 1 branch of the dungeon, and saw 3 of its levels.

You collected 97 gold pieces.

Inventory:

Hand Weapons
 a - a +0 war axe (weapon)
Armour
 b - a +0 scale mail (worn)
 c - a +0 kite shield (worn)
Jewellery
 h - a +4 ring of protection (left hand)
Scrolls
 f - a scroll of amnesia {unknown}
 g - a scroll of torment {unknown}
 i - 2 scrolls of identify {unknown}
 k - a scroll of fear {unknown}
Potions
 d - a potion of might
 e - a potion of degeneration {unknown}
 j - a potion of mutation {unknown}


   Skills:
 + Level 3.6 Fighting
 + Level 2.9 Axes
 + Level 3.0 Armour
 + Level 3.0 Shields


You had 3 spell levels left.
You didn't know any spells.
Your spell library was empty.

Dungeon Overview and Level Annotations

Branches:
Dungeon (3/15)

Altars:

Annotations:
D:3 Sigmund


Innate Abilities, Weirdness & Mutations

You are completely covered in rugged brown scales. (AC +3, +7% HP)
You have supernaturally acute eyesight. (SInv)
Armour fits poorly on your strangely shaped body.
You can roll at nearby foes to attack.
You have a long armoured tail.


Message History

You are no longer poisoned.
You block the orc's attack.
You slash the orc!
You kill the orc!
Things that are here:
a +0 mace; an adder corpse Sigmund the Dreaded comes into view.
He is wielding a +0 scythe and wearing a +2 robe of positive energy.
You see here a +0 dagger.
You see here a +0 buckler.
You start resting.
Sigmund is nearby!
You roll forward with a clatter of scales!
You slash Sigmund!
Sigmund is moderately wounded.
Sigmund hits you but does no damage.
Sigmund points at you and mumbles some strange words.
You are confused.
You miss Sigmund.
Sigmund is moderately wounded.
Sigmund hits you with a +0 scythe!
You hit Sigmund.
Sigmund is moderately wounded.
Sigmund barely misses you. Sigmund hits you but does no damage.
You miss Sigmund. You tail-slap Sigmund!
Sigmund is severely wounded.
Sigmund hits you with a +0 scythe!
* * * LOW HITPOINT WARNING * * *
You bump into the rock wall.
Sigmund hits you but does no damage.
You miss Sigmund.
Your tail-slap misses Sigmund.
Sigmund is severely wounded.
You feel less confused. Sigmund gestures at you while chanting.
The magic dart hits you!
* * * LOW HITPOINT WARNING * * *
Sigmund barely misses you.
You hit Sigmund.
Sigmund is severely wounded.
Sigmund casts a spell at you. The magic dart hits you.
You die...

##### #...# #...#
..#####...#########
........).@).)....#
..........#######.#
...)....### ####@#
..#####.# #..@.# .
#+# #.#### #.# #)#
#.###### #......#
######.# #...#
#.###


You could see Sigmund.

Vanquished Creatures
  5 adders
  An orc (D:3)
  A ball python (D:1)
  8 endoplasms
  3 giant cockroaches
  3 goblins
  5 hobgoblins
  4 jackals (D:1)
  3 kobolds
  A quokka (D:1)
  5 bats
  4 frilled lizards
  4 rats
47 creatures vanquished.

Notes
Turn   | Place    | Note
-------+----------+-------------------------------------------
     0 | D:1      | senseless the Palentonga Fighter began the quest for the
                  | Orb.
     0 | D:1      | Reached XP level 1. HP: 19/19 MP: 1/1
    44 | D:1      | Reached XP level 2. HP: 25/25 MP: 2/2
   590 | D:2      | Reached XP level 3. HP: 31/31 MP: 3/3
   649 | D:2      | HP: 1/31 [endoplasm (2)]
  1048 | D:2      | Reached XP level 4. HP: 35/37 MP: 4/4
  1671 | D:3      | Noticed Sigmund
  1691 | D:3      | HP: 1/38 [Sigmund/magic dart (8)]
  1692 | D:3      | Killed from afar by Sigmund

Illustrated notes

Levels and vault maps discovered:
D:1:      erik_arrival_orb_chamber, layout_basic, serial_forest,
          infiniplex_forest_corner_1, infiniplex_forest_side_room,
          infiniplex_forest_clump_cross, infiniplex_forest_zigzag_1,
          infiniplex_forest_straight_1
D:2:      layout_rooms, amcnicky_mini_corridor_feature
D:3:      layout_basic, serial_shops, nicolae_shop_crystal,
          dreamdust_ecumenical_altar_drowned_temple, st_stairs_10,
          grunt_decor_resistance, kennysheep_generic_room_7, uniq_sigmund

Skill      XL: |  1  2  3  4 |
---------------+-------------+-----
Armour         | 3 |  3.0
Shields        | 3 |  3.0
Fighting       | |  3.6
Axes           | |  2.9

Action                   |  1- 3 |  4- 6 || total
-------------------------+-------+-------++-------
Melee: War axe           |    76 |    48 ||   124
       Tailslap          |     5 |     4 ||     9
 Abil: Rolling Charge    |    26 |     9 ||    35
Armor: Scale mail        |    46 |    22 ||    68
Dodge: Dodged            |    17 |    10 ||    27
Block: Kite shield       |    40 |    25 ||    65

Table legend: (Time is in decaauts)
 A = Elapsed time spent in this place.
 B = Non-inter-level travel time spent in this place.
 C = Inter-level travel time spent in this place.
 D = Time resting spent in this place.
 E = Time spent auto-exploring this place.
 F = Levels seen in this place.
 G = Mean time per level.
                   A        B        C        D        E       F      G
               +--------+--------+--------+--------+--------+-----+--------+
         Total |   1762 |   1668 |     94 |     23 |   1377 |   3 |  587.3 |
       Dungeon |   1762 |   1668 |     94 |     23 |   1377 |   3 |  587.3 |
               +--------+--------+--------+--------+--------+-----+--------+

Top non-repeatable levels by time:
     D:2: 962 daAuts
     D:1: 567 daAuts
     D:3: 232 daAuts
